 Dungeon Crawl Stone Soup version 0.29.1-14-g9c671dbff4 (webtiles) character file.

Game seed: 11068928491589520456

214 xian the Trooper (level 5, -2/42 HPs)
             Began as a Demonspawn Abyssal Knight on Feb 16, 2023.
             Was a Priest of Lugonu.
             Slain by Menkaure (17 damage)
             ... on level 3 of the Dungeon.
             The game lasted 00:09:09 (3448 turns).

xian the Trooper (Demonspawn Abyssal Knight)        Turns: 3448, Time: 00:09:10

Health: -2/42      AC: 15    Str: 21    XL:     5   Next: 59%
Magic:  4/7        EV: 11    Int: 16    God:    Lugonu [***...]
Gold:   107        SH:  4    Dex: 13    Spells: 4/4 levels left

rFire   . . .      SeeInvis .   a - +1 hand axe
rCold   . . .      Faith    .   (no shield)
rNeg    . . .      Spirit   .   n - +8 ring mail of the Wasteland {Str+5 Int+5}
rPois   .          Reflect  .   (no helmet)
rElec   .          Harm     .   f - +1 cloak
rCorr   .          Rampage  .   (no gloves)
Will    .....                   (no boots)
Stlth   +.........              (no amulet)
HPRegen 0.14/turn               (no ring)
MPRegen 0.10/turn               (no ring)

@: no status effects
A: demonic guardian 1, condensation shield, demonic touch 1
a: Renounce Religion, Depart the Abyss, Bend Space, Banish


You were on level 3 of the Dungeon.
You worshipped Lugonu.
Lugonu was most pleased with you.
You visited 1 branch of the dungeon, and saw 4 of its levels.
You visited the Abyss 1 time.

You collected 107 gold pieces.

Inventory:

Hand Weapons
 a - a +1 hand axe (weapon)
Missiles
 d - 31 stones (quivered)
Armour
 f - a +1 cloak (worn)
 n - the +8 ring mail of the Wasteland (worn) {Str+5 Int+5}
   (You found it on level 2 of the Dungeon)

   Str:       It affects your strength (+5).
   Int:       It affects your intelligence (+5).
Wands
 m - a wand of flame (21)
Scrolls
 c - a scroll of teleportation {unknown}
 e - a scroll of fear {unknown}
 g - 2 scrolls of magic mapping {unknown}
 h - a scroll of vulnerability {unknown}
 i - a scroll of immolation
 o - a scroll of torment
 p - a scroll of blinking
Potions
 j - a potion of curing {unknown}
 k - a potion of heal wounds {unknown}
 q - a potion of ambrosia {unknown}


   Skills:
 + Level 3.8 Fighting
 + Level 3.5 Axes
 + Level 0.4 Throwing
 + Level 2.7 Armour
 + Level 1.8 Dodging
 + Level 0.4 Stealth
 * Level 3.2 Invocations


You had 4 spell levels left.
You didn't know any spells.
Your spell library contained the following spells:

 Spells                   Type           Power      Damage    Failure   Level
 Apportation              Tloc           0%         N/A       38%         1
 Necrotise                Necr           0%         1d4       38%         1
 Summon Small Mammal      Summ           0%         N/A       38%         1
 Call Canine Familiar     Summ           0%         N/A       77%         3
 Summon Guardian Golem    Hex/Summ       0%         N/A       77%         3


Dungeon Overview and Level Annotations

Branches:
Dungeon (4/15)
 Temple: D:4-7

Altars:
Ashenzari

Annotations:
D:3 Menkaure
D:4 Eustachio


Innate Abilities, Weirdness & Mutations

A weak demonic guardian rushes to your aid.
A meltable shield of frost defends you. (SH +4)
Your touch may inflict minor irresistible damage on your foes.


Message History

HP restored.
You climb downwards.
Level annotation: Eustachio, Menkaure
There is a stone staircase leading up here.
Menkaure is nearby!
Okay, then.
You hit Menkaure.
Menkaure is lightly damaged.
Menkaure closely misses you.
You hit Menkaure.
Menkaure is lightly damaged.
Menkaure calls on the powers of darkness!
Your body is wracked with pain!
Press: ? - help, Shift-Dir - straight line, f - Menkaure
Aim: Menkaure (lightly damaged, chance to affect: 81%) Menkaure barely resists.
You block Menkaure's attack.
You don't have enough magic at the moment.
Unknown command.
You don't have enough magic at the moment.
Unknown command.
There is a stone staircase leading up here.
Menkaure hits you but does no damage.
You climb upwards.
There is a stone staircase leading down here.
Okay, then.
You hit Menkaure but do no damage.
Menkaure is lightly damaged.
Menkaure hits you!
Unknown command.
As you read the scroll labelled BATZUOPLU UMOCA, it crumbles to dust.
It is a scroll of identify.
p - a scroll of blinking Menkaure closely misses you.
As you read the scroll of identify, it crumbles to dust.
o - a scroll of torment Menkaure barely misses you.
As you read the scroll of identify, it crumbles to dust.
i - a scroll of immolation Menkaure hits you!
You die...

#.......# #......>...#
#.###
##.......###.#######..#
#.... .........##...#
#..# #####
............#.## ##.#
<#.#######.....# #.#
#########
.#.#######..#..### #.#
#P...bP..
...#....P#.......####.#
#P#######
#..#######..#.........#
#P#.....# #..#
#..###>@M##..#
#.#.###.# #### ####
##..###.# #P#.#P#..
##.# ### #.#.###.# #.#
#.#.....# #.# #.###.###
#.# #...#.#.P #.####
###.#.#P# #....##
#P#.#P#
####..#######.###


You could see Menkaure.

Vanquished Creatures
  A gnoll bouda (D:4)
  An orc priest (D:4)
  An orc wizard (D:3)
  3 gnolls (D:4)
  An adder (D:3)
  A worm (D:2)
  3 dart slugs
  13 orcs
  8 endoplasms
  A giant cockroach (D:3)
  2 goblins
  4 hobgoblins
  5 jackals
  4 kobolds
  2 quokkas
  7 ball pythons
  4 bats
  4 frilled lizards
  6 rats
71 creatures vanquished.

Vanquished Creatures (others)
  A fungus (D:2)
1 creature vanquished.

Grand Total: 72 creatures vanquished

Notes
Turn   | Place    | Note
-------+----------+-------------------------------------------
     0 | Abyss:1  | xian the Demonspawn Abyssal Knight began the quest for the
                  | Orb.
     0 | Abyss:1  | Reached XP level 1. HP: 18/18 MP: 2/2
   119 | Abyss:1  | Noticed a thrashing horror
   122 | D:1      | Escaped the Abyss
   417 | D:1      | Gained mutation: Your touch may inflict minor irresistible
                  | damage on your foes. [demonic ancestry]
   417 | D:1      | Reached XP level 2. HP: 24/24 MP: 3/3
   974 | D:2      | Reached skill level 1 in Dodging
  1179 | D:2      | Gained mutation: A weak demonic guardian rushes to your
                  | aid. [demonic ancestry]
  1179 | D:2      | Reached XP level 3. HP: 29/29 MP: 4/4
  1376 | D:2      | Identified the +8 ring mail of the Wasteland {Str+5 Int+5}
  1511 | D:2      | Found a faded altar of an unknown god.
  2105 | D:3      | Reached *** piety under Lugonu
  2130 | D:3      | Reached XP level 4. HP: 23/36 MP: 4/6
  2774 | D:4      | Gained mutation: A meltable shield of frost defends you.
                  | (SH +4) [demonic ancestry]
  2774 | D:4      | Reached XP level 5. HP: 22/42 MP: 7/7
  3226 | D:4      | Found a broken altar of Ashenzari.
  3230 | D:4      | Noticed Eustachio
  3288 | D:4      | Noticed Menkaure
  3448 | D:3      | Slain by Menkaure

Illustrated notes

Levels and vault maps discovered:
D:1:      dpeg_arrival_chambers_temple_mockup, layout_rooms
D:2:      layout_loops_cross, shapermc_ecumenical_altar_ellora,
          dk_noncrumbling_3, grunt_decor_cap, roderic_roman_lattice
D:3:      layout_rooms, serial_aquarium, aquarium_bridge_island_small
          [aquarium_subvault_small_water, aquarium_subvault_wall,
          aquarium_subvault_wall, aquarium_subvault_bridge,
          aquarium_subvault_bridge], aquarium_bridge_long_joined
          [aquarium_subvault_bridge, aquarium_subvault_bridge,
          aquarium_subvault_window, aquarium_subvault_window,
          aquarium_subvault_bridge, aquarium_subvault_window],
          aquarium_window_2, aquarium_window_1, aquarium_view_2e,
          aquarium_view_2e
D:4:      layout_basic, amcnicky_altar_gilded, nicolae_ashenzari_panopticon,
          abandoned_shop, uniq_eustachio, uniq_menkaure, uniq_duvessa,
          uniq_pikel

Skill      XL: |  1  2  3  4 |
---------------+-------------+-----
Dodging        | 1 |  1.8
Axes           | 2 3 |  3.5
Armour         | 2 |  2.7
Invocations    | 3 |  3.2
Fighting       | |  3.8
Throwing       | |  0.4
Stealth        | |  0.4

Action                   |  1- 3 |  4- 6 || total
-------------------------+-------+-------++-------
Melee: Hand axe          |   128 |    64 ||   192
       Touch             |    14 |    13 ||    27
Throw: Stone             |     4 |     4 ||     8
Invok: Depart the Abyss  |     1 |       ||     1
       Banish            |       |     1 ||     1
  Use: Scroll            |       |     3 ||     3
Armor: Leather armour    |    24 |       ||    24
       Ring mail         |    44 |    19 ||    63
       Skin              |     2 |       ||     2
Dodge: Dodged            |    78 |    30 ||   108
Block: Other             |       |     3 ||     3
